 Dungeon Crawl Stone Soup version 0.28.0-45-g0d030f2227 (webtiles) character file.

Game seed: 8310289099104409018

57 101zpm the Chiller (level 3, -5/19 HPs)
             Began as a Deep Elf Ice Elementalist on Apr 20, 2022.
             Slain by Natasha (6 damage)
             ... on level 3 of the Dungeon.
             The game lasted 00:04:12 (2620 turns).

101zpm the Chiller (Deep Elf Ice Elementalist)      Turns: 2620, Time: 00:04:13

Health: -5/19      AC:  2    Str:  5    XL:     3   Next: 73%
Magic:  6/10       EV: 12    Int: 21    God:
Gold:   44         SH:  0    Dex: 15    Spells: 3/10 levels left

rFire   . . .      SeeInvis .   f - staff of conjuration
rCold   . . .      Faith    .   (no shield)
rNeg    . . .      Spirit   .   a - +0 robe
rPois   +          Reflect  .   (no helmet)
rElec   .          Harm     .   (no cloak)
rCorr   .          Rampage  .   (no gloves)
Will    .....                   (no boots)
Stlth   ++........              (no amulet)
HPRegen 0.06/turn               c - ring of poison resistance
MPRegen 0.12/turn               (no ring)

@: freezing walls, slowed, very slow
A: no striking features
a: no special abilities


You were on level 3 of the Dungeon.
You visited 1 branch of the dungeon, and saw 4 of its levels.

You collected 44 gold pieces.

Inventory:

Hand Weapons
 h - a +2 vorpal falchion
Armour
 a - a +0 robe (worn)
Magical Staves
 f - a staff of conjuration (weapon)
Jewellery
 c - a ring of poison resistance (left hand)
 e - an amulet of guardian spirit
Scrolls
 b - a scroll of immolation {unknown}
Potions
 d - a potion of attraction {unknown}
 g - a potion of lignification {unknown}
 i - a potion of haste {unknown}


   Skills:
 + Level 2.6 Dodging
 + Level 3.1 Stealth
 + Level 4.2 Spellcasting
 + Level 5.0 Ice Magic


You had 3 spell levels left.
You knew the following spells:

 Your Spells              Type           Power      Damage    Failure   Level
a - Freeze                Ice            100%       1d11      1%          1
b - Frozen Ramparts       Ice            50%        1d7       4%          3
c - Ozocubu's Armour      Ice            25%        N/A       4%          3

Your spell library contained the following spells:

 Spells                   Type           Power      Damage    Failure   Level
 Ensorcelled Hibernation  Hex/Ice        30%        N/A       6%          2
 Spider Form              Tmut/Pois      4%         N/A       34%         3
 Hailstorm                Conj/Ice       22%        3d7       38%         4
 Anguish                  Hex/Necr       2%         N/A       75%         4


Dungeon Overview and Level Annotations

Branches:
Dungeon (4/15)
 Temple: D:4-7

Altars:
Fedhas

Annotations:
D:3 Natasha


Message History

The spell is quite dangerous to miscast (4% risk of failure)!
Continue anyway?
Okay, then.
Natasha stares at you and mumbles some strange words.
You feel yourself slow down.
Natasha casts a spell.
Natasha casts a spell at you. The magic dart hits you!
Natasha casts a spell.
Natasha mewls in sadness.
Natasha mumbles some strange words.
You feel disoriented. Natasha completely misses you.
There is a stone staircase leading up here.
Natasha claws you. Natasha claws you but does no damage.
You climb upwards.
The white imp disappears in a puff of smoke!
The hobgoblin shouts!
You hear a shout!
There is a stone staircase leading down here.
Casting: Frozen Ramparts (quite dangerous; 4% risk of failure)
Confirm with . or Enter, or press ? or * to list all spells.
The spell is quite dangerous to miscast (4% risk of failure)!
Continue anyway?
Casting: Frozen Ramparts (quite dangerous; 4% risk of failure)
Press: ? - help, Dir - look around, f - activate A stone staircase leading down.
The walls around you are covered in ice.
The rat barely misses you.
The wall freezes Natasha.
Natasha casts a spell at you. You resist with some effort.
Aiming: Freeze (safe; 1% risk of failure)
Press: ? - help, Q - select action Shift-Dir - straight line, f - rat
Aim: a rat You freeze the rat.
The rat is heavily wounded.
The hobgoblin hits you.
* * * LOW HITPOINT WARNING * * *
The rat bites you.
* * * LOW HITPOINT WARNING * * *
The wall freezes Natasha.
Natasha closely misses you. The hobgoblin misses you.
The wall freezes Natasha.
Natasha claws you.
You die...

#.##.#
##..#.##
#......#
#......#
#......#
#......#
#....g.#
#....@h#
#....r.#
#......#
#......#
#......#
........#
##########


You could see Natasha, a hobgoblin and a rat.

Vanquished Creatures
  An adder (D:2)
  7 orcs (D:4)
  2 bats (D:1)
  4 endoplasms
  A giant cockroach (D:1)
  6 goblins
  2 hobgoblins
  3 ball pythons (D:1)
  A frilled lizard (D:1)
  8 kobolds
  4 rats
39 creatures vanquished.

Notes
Turn   | Place    | Note
-------+----------+-------------------------------------------
     0 | D:1      | 101zpm the Deep Elf Ice Elementalist began the quest for
                  | the Orb.
     0 | D:1      | Reached XP level 1. HP: 10/10 MP: 6/6
   576 | D:1      | Reached XP level 2. HP: 15/15 MP: 5/8
  1449 | D:2      | Reached XP level 3. HP: 10/19 MP: 6/10
  1684 | D:2      | Learned a level 3 spell: Frozen Ramparts
  1688 | D:2      | Learned a level 3 spell: Ozocubu's Armour
  1742 | D:4      | Reached skill level 5 in Ice Magic
  2237 | D:4      | Found a blossoming altar of Fedhas.
  2591 | D:4      | Noticed Natasha
  2620 | D:3      | Slain by Natasha

Illustrated notes

Levels and vault maps discovered:
D:1:      dpeg_arrival_three_same_balls, layout_basic, kennysheep_minor_cross
D:2:      layout_rooms, shapermc_ecumenical_altar_ellora
D:3:      layout_basic, hangedman_decor_clover_reticule
D:4:      layout_rooms, mainiacjoe_overflow_brackets, lemuel_round_altar,
          mainiacjoe_overflow_six_doors_small, grunt_decor_clamped, uniq_natasha

Skill      XL: |  1  2  3 |
---------------+----------+-----
Stealth        | 3 |  3.1
Spellcasting   | 4 |  4.2
Ice Magic      | 5 |  5.0
Dodging        | |  2.6

Action                   || total
-------------------------++-------
Melee: Unarmed           ||     7
       Staff             ||     2
 Cast: Freeze            ||    39
       Frozen Ramparts   ||     9
Armor: Robe              ||     9
Dodge: Dodged            ||    27
